Map: Odyssey LE

Players

Ziggy - Winner!

  • Race: Terran Terran
  • Spawn Location: 11:00

Allaryce

  • Race: Zerg Zerg
  • Spawn Location: 5:00

Event: WCS Montreal 2017

VOD

Have the link to the VOD?

Description

Time

  • Played on: Sept. 8, 2017, 12:45 p.m.
  • Length: 4:29

All games in this series

Show
View Real Time Build Order
Export as new Build Order

Ziggy Terran - Winner!

Build Orders:  

Get SALT Encoding   

  12  0:00  SCV  
  13  0:12  SCV  
  14  0:17  Supply Depot  
  14  0:24  SCV  
  15  0:38  SCV  
  15  0:42  Barracks  
  16  0:44  Refinery  
  16  0:50  SCV  
  17  1:00  Barracks  
  17  1:03  SCV  
  18  1:15  SCV  
  19  1:29  Orbital Command, Reaper  
  20  1:36  Barracks  
  20  1:44  Refinery  
  20  1:47  Reaper  
  21  1:53  Supply Depot  
  21  1:57  SCV  
  22  2:03  Reaper  
  23  2:14  SCV  
  24  2:19  Reaper  
  25  2:24  Reaper  
  25  2:26  SCV  
  27  2:35  Reaper  
  28  2:47  Command Center  
  28  2:51  Reaper  
  29  2:59  Reaper  
  30  3:06  Supply Depot  
  30  3:08  Reaper  
  31  3:28  Reaper  
  31  3:31  SCV, Reaper  
  31  3:33  Command Center  
  34  3:40  Reaper  
  34  3:49  SCV  
  36  4:03  Orbital Command, SCV  
  38  4:16  SCV  
Show
View Real Time Build Order
Export as new Build Order

Allaryce Zerg 

Build Orders: Hatch First 

Get SALT Encoding   

  12  0:01  Drone  
  13  0:12  Overlord  
  13  0:18  Drone  
  14  0:30  Drone  
  14  0:31  Drone  
  14  0:34  Drone  
  17  0:53  Hatchery  
  16  0:58  Drone  
  16  1:00  Extractor  
  16  1:02  Drone  
  17  1:17  Spawning Pool  
  16  1:20  Drone  
  17  1:26  Drone  
  17  1:28  Drone  
  19  1:42  Overlord  
  19  1:50  Drone  
  20  2:00  Drone  
  21  2:04  Queen, Metabolic Boost  
  23  2:10  Queen  
  26  2:15  Drone  
  26  2:19  Drone  
  26  2:20  Drone  
  28  2:24  Drone  
  28  2:33  Zergling x4  
  29  2:39  Spore Crawler  
  29  2:40  Zergling x2  
  28  2:45  Zergling x2  
  28  2:50  Zergling x2  
  28  3:01  Queen  
  30  3:09  Queen  
  29  3:22  Zergling x6  
  29  3:23  Zergling x6  
  31  3:35  Zergling x4  
  31  3:40  Roach Warren  
  29  3:49  Drone x4  
Tags
 
Add a new tag
Caveats
  • Supply blocks, unpowered buildings, or Contaminate may cause inaccurate times.
  • Supply counts are checked every 10 seconds.